 Dungeon Crawl Stone Soup version 0.31-a0-774-g0d66cbabe8 (webtiles) character file.

Game seed: 5789150290256162293

36 CornPuffBuddha the Magician (level 3, 25/25 HPs)
             Began as a Djinni Fire Elementalist on July 8, 2023.
             Quit the game on level 1 of the Dungeon on Jan 13, 2024.
             The game lasted 00:04:44 (854 turns).

CornPuffBuddha the Magician (DjFE)                   Turns: 854, Time: 00:04:44

Health: 25/25      AC:  2    Str:  7    XL:     3   Next: 57%
Gold:   44         EV: 12    Int: 18    God:
                   SH:  0    Dex: 13

rFire   + + .        (no weapon)
rCold   x . .        (no shield)
rNeg    . . .        a - +0 robe
rPois   ∞            (no helmet)
rElec   .            b - scarf {harm}
rCorr   .            (no gloves)
SInv    .            (boots unavailable)
Will    .....        (no amulet)
Stlth   ++           (no ring)
HPRegen 0.24/turn    (no ring)
MPRegen 0.00/turn

%: harm (+30% outgoing, +20% incoming)
@: flying
A: sickness immunity, fire resistance 2, cold vulnerability 1, float, innate
caster, HP casting, extra vitality 1
a: no special abilities


You were on level 1 of the Dungeon.
You visited 1 branch of the dungeon, and saw 1 of its levels.

You collected 44 gold pieces.

Inventory:

Hand Weapons
 d - a +0 club
Armour
 a - a +0 robe (worn)
 b - a scarf of harm (worn)
Scrolls
 c - a scroll of enchant weapon {unknown}
Potions
 e - a potion of cancellation {unknown}
 f - 2 potions of magic {unknown}


   Skills:
 - Level 2.7 Dodging
 - Level 2.0 Stealth
 * Level 3.4 Spellcasting
 * Level 3.4 Conjurations
 * Level 3.4 Hexes
 * Level 3.4 Summonings
 * Level 3.4 Necromancy
 * Level 3.4 Translocations
 * Level 3.4 Transmutations
 * Level 3.4 Fire Magic
 * Level 3.4 Ice Magic
 * Level 3.4 Air Magic
 * Level 3.4 Earth Magic
 * Level 3.4 Poison Magic
 * Level 0.8 Shapeshifting


You knew the following spells:

 Your Spells              Type           Power      Damage    Failure   Level
a - Foxfire               Conj/Fire      60%        2x1d7     3%          1
b - Scorch                Fire           30%        2d6       6%          2
c - Volatile Blastmotes   Fire/Tloc      30%        2d12      12%         3
d - Inner Flame           Hex/Fire       15%        N/A       12%         3
e - Flame Wave            Conj/Fire      15%        2d7       36%         4
f - Slow                  Hex            60%        N/A       3%          1
Your spell library was empty.

Dungeon Overview and Level Annotations

Branches:
Dungeon (1/15)

Altars:


Innate Abilities, Weirdness & Mutations

You are immune to sickness and miasma.
You are immune to poison.
Your flesh is very heat resistant. (rF++)
You are vulnerable to cold. (rC-)
You float through the air rather than walking.
You learn spells naturally, not from books.
Your magical power is your life essence.
You have superior vitality. (+4 MHP)


Message History

Casting: Scorch (safe; 6% risk of failure)
Confirm with . or Enter, or press ? or * to list all spells.
You can't see any susceptible monsters within range! (Use Z to cast anyway.)
Casting: Scorch (safe; 6% risk of failure)
Confirm with . or Enter, or press ? or * to list all spells.
You can't see any susceptible monsters within range! (Use Z to cast anyway.)
Casting: Scorch (safe; 6% risk of failure)
Confirm with . or Enter, or press ? or * to list all spells.
You conjure some foxfire!
* * * LOW HITPOINT WARNING * * *
Your foxfire dissipates!
The foxfire hits the jackal.
You kill the jackal!
You start resting.
HP restored.
A jackal comes into view.
A jackal is nearby!
Casting: Foxfire (safe; 3% risk of failure)
Confirm with . or Enter, or press ? or * to list all spells.
Okay, then.
You can't see any susceptible monsters within range! (Use Z to cast anyway.)
There is a stone staircase leading down here.
The jackal barks!
You can't see any susceptible monsters within range! (Use Z to cast anyway.) Flames lash the jackal.
You kill the jackal!
You start resting.
HP restored.
Your Shapeshifting skill lost 3 levels and is now at level 0!
Welcome back, CornPuffBuddha the Djinni Fire Elementalist.
Press ? for a list of commands and other information.
Welcome back, CornPuffBuddha the Djinni Fire Elementalist.
Press ? for a list of commands and other information.
You see here a frilled lizard corpse.
You see here a frilled lizard corpse.
You reach down and open the door.
Found a helmet.
Welcome back, CornPuffBuddha the Djinni Fire Elementalist.
Press ? for a list of commands and other information.
Are you sure you want to abandon this character and quit the game? (Confirm with "yes".)

######.# #.........##
#...##.##### #####'##### ##
#...#...##.[ #####...######.
#♣♣ ♣.......#...
...............
♣.P♣♣♣......#..⌠
......⌠........
♣♣...P♣..#..#...
................
P...P.......##..
######...######. PPP..PP.##.##
#'## ##>## ## ♣♣P.♣P♣.##.#
#.@### ### ###. ♣P♣.♣♣.....#
##...#### ####... # ♣♣♣...#..#
###....#####....## #.....#..#
####...#...#### #.....#..##
###...###
#.....#...############.########
#######..................#...#.
#.......###[##.#####.##....).#.
#...............##...##..#.....


There were no monsters in sight!

Vanquished Creatures
  A dart slug (D:1)
  2 ball pythons (D:1)
  2 giant cockroaches (D:1)
  5 goblins (D:1)
  3 hobgoblins (D:1)
  5 jackals (D:1)
  5 kobolds (D:1)
  A quokka (D:1)
  A bat (D:1)
  3 frilled lizards (D:1)
  4 rats (D:1)
32 creatures vanquished.

Vanquished Creatures (others)
  57 foxfires (D:1)
57 creatures vanquished.

Grand Total: 89 creatures vanquished

Notes
Turn   | Place    | Note
-------+----------+-------------------------------------------
     0 | D:1      | CornPuffBuddha the Djinni Fire Elementalist began the quest
                  | for the Orb.
     0 | D:1      | CornPuffBuddha set off with the following spells memorised:
                  | Foxfire, Scorch, Volatile Blastmotes, Inner Flame, Flame
                  | Wave.
     0 | D:1      | Reached XP level 1. HP: 15/15 MP: 0/0
    89 | D:1      | Reached XP level 2. HP: 17/21 MP: 0/0
   167 | D:1      | Reached XP level 3. HP: 14/25 MP: 0/0
   167 | D:1      | Learned a level 1 spell: Slow
   376 | D:1      | Found a faded altar of an unknown god.
   645 | D:1      | Upgraded the game from 0.31-a0-233-g139696dc86 to
                  | 0.31-a0-236-g9a0961fb85
   755 | D:1      | Upgraded the game from 0.31-a0-236-g9a0961fb85 to
                  | 0.31-a0-774-g0d66cbabe8
   854 | D:1      | Quit the game

Illustrated notes

Levels and vault maps discovered:
D:1:      minmay_arrival_split_and_join, layout_basic,
          shapermc_ecumenical_altar_venn, serial_forest,
          infiniplex_forest_lined_4_way, infiniplex_forest_fountain,
          infiniplex_forest_clump_curved, infiniplex_forest_end_2,
          infiniplex_forest_join, infiniplex_forest_end_2

Skill      XL: |  1  2  3 |
---------------+----------+-----
Spellcasting   | |  3.4
Conjurations   | |  3.4
Hexes          | |  3.4
Summonings     | |  3.4
Necromancy     | |  3.4
Translocations | |  3.4
Transmutations | |  3.4
Fire Magic     | |  3.4
Ice Magic      | |  3.4
Air Magic      | |  3.4
Earth Magic    | |  3.4
Poison Magic   | |  3.4
Stealth        | 2 |  2.0
Shapeshifting  | 0 |  0.8
Dodging        | |  2.7

Action                     || total
---------------------------++-------
  Melee: Unarmed           ||    20
   Cast: Foxfire           ||    42
         Scorch            ||     4
 Armour: Robe              ||     8
  Dodge: Dodged            ||    24

Table legend: (Time is in decaauts)
 A = Elapsed time spent in this place.
 B = Non-inter-level travel time spent in this place.
 C = Inter-level travel time spent in this place.
 D = Time resting spent in this place.
 E = Time spent auto-exploring this place.
 F = Levels seen in this place.
 G = Mean time per level.
                   A        B        C        D        E       F      G
               +--------+--------+--------+--------+--------+-----+--------+
         Total |    854 |    854 |      0 |     90 |    550 |   1 |  854.0 |
       Dungeon |    854 |    854 |      0 |     90 |    550 |   1 |  854.0 |
               +--------+--------+--------+--------+--------+-----+--------+

Top non-repeatable levels by time:
     D:1: 854 daAuts
